[Event "European Women Blitz-ch 2024"]
[Site "Monaco"]
[Date "2025.01.10"]
[Round "1.13"]
[White "Maltsevskaya, Aleksandra"]
[Black "Dai, Irmak"]
[Result "1-0"]
[Annotator "TA"]
[ECO "B81"]
[WhiteElo "2368"]
[BlackElo "1877"]
[PlyCount "67"]
[EventDate "2025.01.06"]
[EventType "swiss"]
[EventCountry "MNC"]
[SourceTitle "playchess.com"]
[Source "ChessBase"]
[SourceQuality "1"]
[TimeControl "180+2"]

1. e4 c5 2. Nf3 d6 3. d4 cxd4 4. Nxd4 Nf6 5. Nc3 e6 6. g4 h6 7. h3 Be7 8. Be3 a6 9. Bg2 Nc6 10. Nxc6 bxc6 11. e5 Nd5 12. exd6 Bxd6 13. Ne4 Bc7 $2 (13... Be7 $11) 14. Bc5 $18 Bb7 {[%emt 0:00:47] [#]} 15. Qf3 $1 Nf4 $2 (15... Be5 16. O-O-O Qc7) 16. Rd1 {[%emt 0:00:07][%cal Oe4f6] And now Nf6+! would win.} Nxg2+ 17. Qxg2 Qb8 (17... Qh4 $142 18. O-O h5) 18. O-O e5 (18... Bf4 $142 19. Qf3 Bh2+ 20. Kh1 Qc7) 19. Nd6+ (19. Qf3 $142 {[%cal Of3f6] Intending Qf6! and mate.} Qd8 20. Rxd8+ Rxd8 21. Rd1 Rxd1+ 22. Qxd1) 19... Bxd6 20. Bxd6 Qc8 {[%emt 0:00:01] Black is weak on the dark squares} 21. Rfe1 (21. Bxe5 O-O $16) 21... f6 22. Qe4 Kf7 {[%emt 0:00:03] Prevents Qg6+.} 23. Bc5 Re8 $2 (23... Rd8 24. f4 Qe6) 24. Rd2 $2 (24. Rd6 $18 {is more deadly.}) 24... Qc7 $2 {[%emt 0:00:02][%mdl 8192] [#]} (24... Rd8 $16 {is more resistant.} 25. Red1 Rd5) 25. Qc4+ $1 Kg6 26. Qb3 $2 (26. Qd3+ $18 Kf7 27. Qd7+ Qxd7 28. Rxd7+ Kg8 29. Rxb7) 26... Rad8 $2 ({Black should play} 26... Kh7 $14) 27. Bb6 Qc8 28. Bxd8 Rxd8 29. Rxd8 Qxd8 30. Qxb7 Qd2 31. Rf1 Qxc2 32. Qb3 Qd2 33. Rd1 Qe2 34. Qd3+ 1-0

[Event "European Women Blitz-ch 2024"]
[Site "Monaco"]
[Date "2025.01.10"]
[Round "1.14"]
[White "Bellaiche, Elise"]
[Black "Roebers, Eline"]
[Result "0-1"]
[Annotator "TA"]
[ECO "B22"]
[WhiteElo "2021"]
[BlackElo "2381"]
[PlyCount "55"]
[EventDate "2025.01.06"]
[EventType "swiss"]
[EventCountry "MNC"]
[SourceTitle "playchess.com"]
[Source "ChessBase"]
[SourceQuality "1"]
[TimeControl "180+2"]

1. e4 c5 2. Nf3 Nc6 3. c3 Nf6 4. e5 Nd5 5. d4 cxd4 6. cxd4 e6 7. Bc4 d6 8. O-O Be7 9. Bxd5 exd5 10. exd6 Qxd6 11. h3 {[%emt 0:00:08] Against Bg4} O-O 12. Nc3 Bf5 13. Qb3 (13. Ne5 $11 {remains equal.}) 13... Rfd8 14. Re1 Bf6 15. Be3 Na5 16. Qd1 Nc4 17. Qe2 Re8 18. b3 Nxe3 19. fxe3 Rac8 20. Rac1 a6 {[%emt 0:00:04] Black is much more active.} 21. Qd2 Re7 (21... Bd8 $17 22. Ne2 Rxc1 23. Rxc1 Bc7) 22. Na4 (22. e4 $1 $14 {keeps the upper hand.} dxe4 23. Nxe4) 22... Rce8 $17 23. Rc3 Be4 24. Qf2 $2 (24. Rf1 $17) 24... Bxf3 $19 25. Qxf3 Bxd4 (25... b5 $142 26. Rec1 bxa4) 26. Rd3 Bf6 (26... Ba7 $19 {and Black stays clearly on top. Threatens to win with ...Bb8.} 27. Nc3 d4) 27. Rxd5 $17 Qb4 28. Red1 $2 (28. Re2 $17) 0-1

[Event "European Women Blitz-ch 2024"]
[Site "Monaco"]
[Date "2025.01.10"]
[Round "1.15"]
[White "Injac, Teodora"]
[Black "Birkholz, Olga"]
[Result "1-0"]
[Annotator "TA"]
[ECO "E68"]
[WhiteElo "2453"]
[BlackElo "2018"]
[PlyCount "63"]
[EventDate "2025.01.06"]
[EventType "swiss"]
[EventCountry "MNC"]
[SourceTitle "playchess.com"]
[Source "ChessBase"]
[SourceQuality "1"]
[TimeControl "180+2"]

1. d4 Nf6 2. Nf3 g6 3. g3 Bg7 4. Bg2 O-O 5. O-O d6 6. c4 Nbd7 7. Nc3 e5 8. e4 Re8 9. h3 exd4 10. Nxd4 Ne5 11. b3 a6 12. Be3 Bd7 13. a4 Rb8 14. a5 Qc8 15. Kh2 h5 16. Bg5 Nh7 17. Bf4 Nf6 18. f3 Nc6 {[%emt 0:00:07] ...Nxd4 would now be deadly.} 19. Be3 ({White should play} 19. Nde2 $1 $14) 19... Ne5 (19... h4 $11) 20. Qd2 $16 Nc6 21. f4 Nxd4 (21... h4 $14) 22. Bxd4 (22. Qxd4 $2 {too greedy.} Nxe4 23. Nxe4 Bxd4 $19) 22... Bc6 23. Rae1 {[%emt 0:00:02] White is more active.} Bd7 24. f5 c5 $2 (24... gxf5 $16 25. Rd1 Qd8) 25. Bxf6 $18 Bxf6 26. fxg6 Bxc3 27. gxf7+ (27. Qh6 $142 fxg6 28. Qxg6+ Bg7 29. Rf7 Kh8 30. Qxg7#) 27... Kh7 28. fxe8=Q Qxe8 29. Qxc3 Be6 30. Rf6 {[%emt 0:00:02] e5 would kill now.} Qg8 31. Qe3 Rf8 32. Qh6# 1-0

[Event "European Women Blitz-ch 2024"]
[Site "Monaco"]
[Date "2025.01.10"]
[Round "1.16"]
[White "Datuashvili, Nona"]
[Black "Javakhishvili, Lela"]
[Result "0-1"]
[Annotator "TA"]
[ECO "B03"]
[WhiteElo "2001"]
[BlackElo "2426"]
[PlyCount "72"]
[EventDate "2025.01.06"]
[EventType "swiss"]
[EventCountry "MNC"]
[SourceTitle "playchess.com"]
[Source "ChessBase"]
[SourceQuality "1"]
[TimeControl "180+2"]

1. e4 Nf6 2. e5 Nd5 3. d4 d6 4. c4 Nb6 5. exd6 exd6 6. Nc3 Be7 7. h3 O-O 8. Nf3 Bf6 9. Bd3 Nc6 10. O-O Re8 11. Be3 d5 12. c5 Nc4 13. Qc2 (13. Bc1 $11) 13... Nxe3 $17 14. Bxh7+ (14. fxe3 $17 Rxe3 15. Qd2) 14... Kh8 $19 15. fxe3 Rxe3 16. Ne5 Nxe5 (16... Nxd4 17. Nxf7#) 17. dxe5 Rxe5 18. Rad1 c6 (18... Be6 $1 $19 {is more deadly.} 19. Bd3 c6) 19. Ne4 $17 Qe7 (19... Be7 $5 20. Rxf7 Be6 $15 (20... Kxh7 21. Nf6+ Kh6 22. Qh7+ Kg5 23. Qh5+ Kf4 24. Nxd5+ Kg3 25. Rf3#)) 20. Nxf6 gxf6 21. Rd4 Re2 (21... Rh5 {simplifies} 22. Bd3 Qe3+ 23. Qf2 Qxf2+ 24. Rxf2 Kg7) 22. Qd3 (22. Qc3 $5) 22... Re3 $36 {[%emt 0:00:14][%mdl 2048] Black has good play.} (22... Rxb2 $2 23. Qg3 Qf8 24. Rh4 $18 (24. Rxf6 Qg7 $16)) (22... Qxc5 23. Kh1 Kg7 (23... Rxb2 $2 24. Qg3 $18) 24. Qg3+ Kf8 25. Rdf4 $18) 23. Qc2 {[%emt 0:00:05] [#]} (23. Qd1 $1 $11 {was the only way to keep the balance.} Qe5 (23... Kxh7 24. Rh4+ Kg7 25. Qh5 f5 26. Qh8+ Kg6 27. Qh6#) 24. Bc2) 23... Re1 ({Black should play} 23... Qe5 $1 $17 24. Rdf4 Bxh3) 24. Rh4 (24. Qf2 $11 Rxf1+ 25. Kxf1) 24... Qe3+ $15 25. Kh2 ({White should try} 25. Qf2 $15 Qxf2+ 26. Kxf2 Rxf1+ 27. Kxf1) 25... Kg7 {[%emt 0:00:18] Really sharp!} 26. Rff4 $2 (26. Qf2 $17 {is more resistant.} Qe5+ 27. Kg1 Rxf1+ 28. Kxf1) 26... Qg1+ $19 27. Kg3 Re3+ 28. Rf3 Qe1+ (28... Re5 $142 {aiming for ...Rg5+.} 29. Rf2 Rg5+ 30. Rg4 Bxg4 31. hxg4 Re5) 29. Qf2 Rxf3+ 30. gxf3 $2 (30. Kxf3 Qxf2+ 31. Kxf2) 30... Qxf2+ 31. Kxf2 {[%emt 0:00:01][%mdl 4096] Endgame KRB-KRB. Black is a pawn up.} f5 32. Rh5 {[%emt 0:00:07] [#]} Kf6 $1 33. Rh6+ (33. h4 $142 Be6 34. Kf1) 33... Kg5 34. Rd6 Be6 35. Kg3 Rh8 36. f4+ Kf6 0-1

[Event "European Women Blitz-ch 2024"]
[Site "Monaco"]
[Date "2025.01.10"]
[Round "1.17"]
[White "Papp, Petra"]
[Black "Zvereva, Marija"]
[Result "1-0"]
[Annotator "TA"]
[ECO "D02"]
[WhiteElo "2235"]
[BlackElo "2001"]
[PlyCount "49"]
[EventDate "2025.01.06"]
[EventType "swiss"]
[EventCountry "MNC"]
[SourceTitle "playchess.com"]
[Source "ChessBase"]
[SourceQuality "1"]
[TimeControl "180+2"]

1. d4 Nf6 2. Nf3 e6 3. Bf4 Be7 4. e3 d5 5. h3 O-O 6. Nbd2 c5 7. c3 Nc6 8. Bd3 a6 9. O-O b5 (9... b6 $11) 10. Ne5 {[%emt 0:00:04] White is more active.} ({Better is} 10. dxc5 $14 Bxc5 11. e4) 10... Bb7 $11 11. Bh2 c4 12. Bc2 b4 13. f4 bxc3 14. bxc3 Qa5 15. Rb1 Nd8 $1 16. f5 {[%emt 0:00:21] Black must now prevent fxe6.} Qxc3 17. Rf3 Qa5 $2 {[%emt 0:00:42][%mdl 8192] [#]} (17... exf5 $15 {stays ahead.} 18. Nf1 Qa5) 18. Rxb7 $1 Nxb7 {[%emt 0:00:01] [#]} 19. Nc6 $1 Qa3 $2 (19... Qxa2 20. Nxe7+ Kh8) 20. e4 (20. Nb1 $142 Qxa2 21. Nxe7+ Kh8 22. Be5) 20... dxe4 $2 (20... Qb2) 21. Rxa3 $18 Bxa3 22. Nxe4 Nxe4 23. Bxe4 Rac8 24. Qg4 Nd6 25. Ne7+ 1-0

[Event "European Women Blitz-ch 2024"]
[Site "Monaco"]
[Date "2025.01.10"]
[Round "1.18"]
[White "Stangl, Anita"]
[Black "Kulon, Klaudia"]
[Result "0-1"]
[Annotator "TA"]
[ECO "C59"]
[WhiteElo "2027"]
[BlackElo "2393"]
[PlyCount "100"]
[EventDate "2025.01.06"]
[EventType "swiss"]
[EventCountry "MNC"]
[SourceTitle "playchess.com"]
[Source "ChessBase"]
[SourceQuality "1"]
[TimeControl "180+2"]

1. e4 e5 2. Nf3 Nc6 3. Bc4 Nf6 4. Ng5 d5 5. exd5 Na5 6. Bb5+ c6 7. dxc6 bxc6 8. Be2 h6 9. Nf3 e4 10. Ne5 Bd6 11. d4 exd3 12. Nxd3 Qc7 13. h3 O-O 14. O-O c5 15. Nc3 Rb8 16. Ne1 Rd8 17. Kh1 (17. Bd2 $1 $11) 17... Be5 $17 18. Bd2 {[%emt 0:00:00] [#]} Rxb2 {[%emt 0:00:02] Black is much more active. The white rooks are passive.} (18... Bxh3 $1 $17 {...Be6 would now be deadly.} 19. Nf3 (19. gxh3 Qd7 $17) 19... Bxc3 20. bxc3 Bg4) 19. Qc1 $1 $15 Rb8 {[%emt 0:00:04] Black wants to play ...Bb7.} 20. Nd3 (20. Nf3 $11) 20... Bd6 21. Be3 (21. Bf3 $15) 21... Nc4 $2 (21... c4 $17 22. Ne1 Be5) 22. a4 $2 (22. Bxh6 $1 $11 {and White is okay.} gxh6 23. Qxh6) 22... Nxe3 $19 23. Qxe3 a6 {[%emt 0:00:01] Prevents Nb5} (23... c4 $19 24. Nb5 Rxb5 25. axb5 cxd3 26. Bxd3 Bc5) 24. Bf3 $2 (24. f4 $17) 24... Bf5 (24... c4 $142 25. Nc1 Bf5) 25. Rab1 {[%emt 0:00:00] [#]} (25. Nd5 Nxd5 26. Bxd5) 25... c4 $1 26. Ne1 (26. Rxb8 $142 Rxb8 27. Ne1) 26... Rxb1 27. Nxb1 Bc5 {[%emt 0:00:01] A strong pair of Bishops.} 28. Qc1 (28. Qe2 {was the only chance.}) 28... Qd7 29. Qf4 Be6 30. Nc3 Bb4 31. Ne4 Nd5 (31... Qxa4 32. Nxf6+ gxf6 33. Qxf6 $17) 32. Qh4 $2 (32. Qe5) 32... Re8 (32... Be7 $142 33. Qg3 f5 (33... Qxa4 $2 34. Qe5 $19)) 33. Ng3 {[%emt 0:00:19] White is weak on the dark squares} Qxa4 34. Qxc4 $2 (34. Bxd5 {was worth a try.} Bxd5 35. Qd4) 34... Nf6 $2 (34... Ne3 $1 $19 35. Qd4 Nxf1) 35. Qh4 (35. Qd4 $15 Qb5 36. Be2) 35... Qb5 36. Nd3 Be7 37. Qf4 (37. Ne2 $15) 37... Nd5 (37... Rc8 $142 38. Rd1 Qg5 (38... Rxc2 39. Qd4 $17)) 38. Qe4 Rc8 39. Ne5 {[%emt 0:00:02] Black must now prevent c4. Prevents Rc4.} Nf6 40. Qe2 Qxe2 41. Bxe2 ({Better is} 41. Nxe2 Bd5 (41... Rxc2 42. Nd4 $15) 42. c3) 41... a5 $17 ({Much less strong is} 41... Rxc2 42. Bxa6 g6 43. Bd3 $17) 42. c4 (42. Ra1 $142) 42... Bd6 43. f4 a4 44. Ra1 (44. Rd1 $142 Bc7 45. Ra1) 44... a3 $19 45. Nf3 Bxf4 46. Nf1 Bd6 (46... Bxc4 47. Bxc4 Rxc4 48. Rxa3 $19) 47. N1d2 Bb4 48. Nb3 Bxc4 49. Rc1 Be6 50. Ra1 (50. Rxc8+ $142 Bxc8 51. Nfd4) 50... Bxb3 0-1

[Event "European Women Blitz-ch 2024"]
[Site "Monaco"]
[Date "2025.01.10"]
[Round "2.1"]
[White "Kosteniuk, Alexandra"]
[Black "Gaponenko, Inna"]
[Result "0-1"]
[Annotator "TA"]
[ECO "B08"]
[WhiteElo "2484"]
[BlackElo "2346"]
[PlyCount "85"]
[EventDate "2025.01.06"]
[EventType "swiss"]
[EventCountry "MNC"]
[SourceTitle "playchess.com"]
[Source "ChessBase"]
[SourceQuality "1"]
[TimeControl "180+2"]

1. e4 c5 2. d4 cxd4 3. Qxd4 Nc6 4. Qd3 g6 5. Nc3 Bg7 6. Nf3 d6 7. Be2 Nf6 8. O-O Bg4 9. Nd5 O-O 10. c3 Rc8 11. Bg5 e6 12. Nxf6+ Bxf6 13. Bxf6 Qxf6 14. Qxd6 Bxf3 15. Bxf3 Ne5 16. Be2 Rcd8 17. Qb4 Rd2 18. Rae1 b6 19. f4 Nd7 20. Bb5 Nc5 21. Re2 Rfd8 22. h3 (22. g3 $11) 22... Rxe2 $17 23. Bxe2 Rd2 24. Rf2 (24. Qc4 $17 {might work better.}) 24... Qd8 $2 (24... Qh4 $19 {and ...Nd3 would now be decisive} 25. Qc4 Rxb2) 25. e5 $2 {[%emt 0:00:07][%mdl 8192] [#]} ({Better is} 25. Bf1 $15) 25... Rxe2 $1 $19 26. Rxe2 {[%emt 0:00:01][%mdl 4096] Endgame Black must now prevent Qd4. KQR-KQN} (26. Qd4 Re1+) 26... Qd1+ 27. Kh2 Qxe2 28. Qd4 Qd3 ({Not} 28... Qxb2 29. Qd8+ Kg7 30. Qf6+ Kg8 (30... Kh6 31. Qh4+ Kg7 32. Qf6+ Kg8 33. Qd8+ Kg7 34. Qf6+ $11) 31. Qd8+ Kg7 32. Qf6+ Kg8 33. Qd8+ $11) 29. Qf2 Ne4 30. Qh4 Kg7 31. a4 a5 32. Qg4 h6 33. Qh4 Qe3 34. Qg4 Qe1 35. Qf3 Nd2 36. Qd3 Nf1+ 37. Kg1 Ng3+ (37... Ne3+ $142 38. Kh2 Qf2 39. Qxe3 Qxe3 40. Kh1 Qc1+ (40... Qxf4 $2 41. h4 $19) 41. Kh2 Qxf4+ 42. Kg1 Qxa4 (42... Qxe5 $2 43. Kf2 $19) 43. h4 Qa1+ (43... Qxh4 $2 44. Kf1 $19) 44. Kh2 Qxb2 45. c4 a4 (45... Qxe5+ {gets mated.} 46. Kh3 a4 47. g3 a3 48. Kg2 a2 49. g4 a1=Q 50. g5 Qa2+ 51. Kh3 Qeh2+ 52. Kg4 Qag2#) 46. h5 g5 (46... gxh5 47. Kg3 a3 48. Kf3 a2 49. g4 a1=Q 50. gxh5 Qh1+ 51. Kg4 Qhg2+ 52. Kh4 Qbf2#) (46... Qxe5+ 47. g3 gxh5 48. Kg2 Qe2+ 49. Kh3 Qf2 50. c5 bxc5 51. g4 h4 52. g5 Qg3#) 47. c5 a3 (47... bxc5 48. Kh3 a3 49. g4 a2 50. Kg3 a1=Q 51. Kf3 Qf1+ 52. Kg3 Qxe5#) (47... Qxe5+ 48. Kh3 a3 49. g3 a2 50. g4 a1=Q 51. Kg2 Qe2+ 52. Kh3 Qc3#) 48. cxb6 a2 (48... Qxe5+ 49. g3 g4 50. Kg1 Qb2 51. Kh1 a2 52. Kg1 a1=Q#) 49. b7 Qf2 (49... a1=B 50. b8=Q Qxb8 51. Kg3 Bd4 52. Kh3 Qxe5 53. g3 g4+ 54. Kxg4 Qf5+ 55. Kh4 Bf6#) 50. b8=Q Qh4+ (50... a1=B $2 51. Qd6 $19) 51. Kg1 a1=Q+ 52. Qb1 Qxb1#) 38. Kh2 Nf5 39. b4 axb4 40. cxb4 Qxb4 (40... Ne3 $142 41. Qd8 Qf2 (41... Qxb4 $2 42. Qf6+ Kg8 43. Qd8+ Kh7 44. Qf6 $19) 42. Qf6+ Kg8 43. Qd8+ Kh7 44. Qa8 Nf1+ (44... Qxf4+ $2 45. Kh1 $19) 45. Kh1 Ng3+ (45... Qxf4 $2 46. Kg1 $19) 46. Kh2 Ne2 (46... Qxf4 $2 47. Qf3 $19) 47. Qh8+ Kxh8 48. Kh1 Qg1#) 41. Qf3 Qxa4 42. g4 Ne7 43. Qb7 0-1

[Event "European Women Blitz-ch 2024"]
[Site "Monaco"]
[Date "2025.01.10"]
[Round "2.2"]
[White "Vega Gutierrez, Sabrina"]
[Black "Stefanova, Antoaneta"]
[Result "0-1"]
[Annotator "TA"]
[ECO "C26"]
[WhiteElo "2393"]
[BlackElo "2418"]
[PlyCount "135"]
[EventDate "2025.01.06"]
[EventType "swiss"]
[EventCountry "MNC"]
[SourceTitle "playchess.com"]
[Source "ChessBase"]
[SourceQuality "1"]
[TimeControl "180+2"]

1. e4 e5 2. Nf3 Nc6 3. Nc3 Nf6 4. g3 Bc5 5. Bg2 d6 6. d3 a6 7. O-O h6 8. h3 Be6 9. Kh2 g5 10. Nd2 Ne7 11. Nb3 Ba7 12. Be3 Ng6 13. Bxa7 Rxa7 14. d4 Ra8 15. Qd2 Qe7 16. Rad1 O-O 17. dxe5 dxe5 18. Qe3 Rad8 19. Nc5 Bc8 20. Kg1 Rxd1 21. Rxd1 Rd8 22. Rxd8+ Qxd8 23. Qd3 Qe7 24. Qc4 b5 25. Nxb5 axb5 26. Qxb5 Kg7 27. b4 Qd6 28. a4 Qb6 29. Qc4 Ne8 30. a5 Qa7 31. Bf1 Nd6 32. Qc3 Qb8 33. h4 gxh4 34. f4 f6 35. f5 Nf8 36. gxh4 Qa8 (36... Kf7 $11) 37. Qg3+ (37. a6 {is interesting.} Qa7 38. Qg3+ Kf7 39. Kh1) 37... Kh8 38. Bd3 Qc6 (38... Bd7 $11 {keeps the balance.}) 39. Qe3 Kh7 {[%emt 0:00:02] [#]} 40. c4 (40. Kh2 $1 $16) 40... Qe8 $1 $11 41. b5 Nd7 $2 (41... Qf7 $11) 42. Ne6 $18 Nf8 43. Nxc7 Qe7 $2 (43... Qd8) 44. Nd5 $18 Qg7+ 45. Kh2 Nd7 46. a6 Qg4 47. Qg3 $2 (47. c5 $18 {and the rest is easy.} Qxh4+ 48. Kg2 Qg4+ 49. Kf1 Qd1+ 50. Kf2 Nxc5 51. Qxc5 Qd2+ 52. Kg1) 47... Qxg3+ $16 48. Kxg3 Nc5 49. Bc2 ({Worse is} 49. Nxf6+ Kg7 50. Nh5+ Kf8 $15) 49... Nxc4 50. Ne7 (50. Nxf6+ $16 Kg7 51. Ne8+ Kf7 52. Nc7) 50... Bd7 $2 (50... Nd6 $11 {and Black stays safe.}) 51. Nd5 $2 (51. a7 $18 Nb6 52. Nd5) 51... Kg7 $2 (51... Bxb5 $17 52. Nxf6+ Kg7) 52. b6 $2 (52. a7 {mates} Nd2 53. a8=Q (53. a8=B Bxb5 54. Nc7 Bc4 $11) 53... Ndxe4+ 54. Bxe4 Bxb5 55. Bc2 (55. Qa7+ Nd7 56. Nc7 Kh8 57. Nxb5 Nc5 58. Qxc5 Kg8 59. Bd5+ Kh7 60. Qa7+ Kh8 61. Qa8+ Kh7 62. Qg8#) 55... Nd7 56. Ne7 Nf8 57. Qd5) 52... Nxa6 $11 53. Bd3 $1 Nxb6 54. Nxb6 Nc5 55. Nxd7 Nxd3 56. Kf3 Kf7 57. Nb6 Nf4 58. Ke3 Ke7 59. Kf3 Kf7 60. Nc4 $1 Ke7 61. Ne3 Kf7 62. Ng4 Kg7 63. Kg3 Ne2+ 64. Kf3 Nf4 65. Nf2 Kf7 66. Ng4 h5 67. Ne3 Ke7 68. Nc4 0-1

[Event "European Women Blitz-ch 2024"]
[Site "Monaco"]
[Date "2025.01.10"]
[Round "2.3"]
[White "Matnadze Bujiashvili, Ann"]
[Black "Guichard, Pauline"]
[Result "1/2-1/2"]
[Annotator "TA"]
[ECO "E01"]
[WhiteElo "2315"]
[BlackElo "2357"]
[PlyCount "203"]
[EventDate "2025.01.06"]
[EventType "swiss"]
[EventCountry "MNC"]
[SourceTitle "playchess.com"]
[Source "ChessBase"]
[SourceQuality "1"]
[TimeControl "180+2"]

1. d4 Nf6 2. Nf3 d5 3. g3 e6 4. Bg2 c5 5. c4 cxd4 6. Nxd4 Bb4+ 7. Bd2 Bxd2+ 8. Nxd2 O-O 9. O-O e5 10. N4b3 Nc6 11. cxd5 Nxd5 12. Nc4 Nb6 13. Nd6 Qe7 14. Nxc8 Raxc8 15. e3 Rfd8 16. Qe2 Nb4 17. Be4 g6 18. a3 N4d5 19. Rac1 Nf6 20. Bg2 e4 21. Nd4 Rc5 22. b4 Rcc8 23. h3 Qe5 24. Qb5 Qxb5 25. Nxb5 Rxc1 26. Rxc1 a6 27. Nd4 Nbd5 28. Nb3 Kg7 29. Nc5 Rb8 30. Nxe4 Nb6 31. Nc5 Nbd5 32. Rd1 Nc3 33. Rd3 Nb5 34. Nxb7 Rc8 35. Nc5 a5 36. Bf1 axb4 37. axb4 Na7 38. Rc3 (38. e4 $18) 38... Rb8 $2 (38... Nd5 $16 39. Ra3 Nxb4 40. Ne6+ Kf6) 39. Rb3 Nd5 40. b5 Nb6 41. Bg2 Nbc8 42. Bf1 Nb6 $1 43. Ra3 Nac8 44. Na6 Ra8 45. Rd3 Kf6 46. Bg2 Ra7 47. Rc3 Rd7 48. Bc6 Rd1+ 49. Kg2 Rb1 50. Rd3 Ke7 51. Nc7 Nd6 52. Nd5+ Nxd5 53. Rxd5 f5 54. Re5+ Kf6 55. Rc5 Ke6 56. Bd5+ Kd7 57. Bc6+ Ke6 $1 58. Rc2 (58. f4 $18 {and White stays clearly on top.}) 58... Rb4 {[%emt 0:00:05] [#]} (58... Nxb5 $16 59. Rc5 Nd6 60. Bd5+ Kf6) 59. Rc5 $2 ({White should try} 59. Rd2 $1 $18) 59... Rb2 $2 (59... Rb1 $1 $11 {and Black has nothing to worry.} 60. g4 Rb2 61. gxf5+ Nxf5) 60. Kf1 h5 61. h4 Ke7 62. Kg2 Ke6 63. Bd5+ Kd7 64. Bc6+ Ke6 $1 65. Rc1 (65. Kg1 $18) 65... Ke5 (65... Kf6 $16 66. Rc5 Nf7) 66. Rc5+ Ke6 $1 67. Bf3 (67. Kg1 $18) 67... Rxb5 $16 68. Rxb5 Nxb5 69. Be2 Nd6 70. Bd1 Ne4 71. Bb3+ Kf6 72. f3 Nc5 73. Ba2 Nd3 74. Kf1 Ne5 75. Ke2 Ke7 76. f4 Nd7 77. Kd3 (77. Kf3 $16) 77... Nc5+ $11 78. Ke2 Ne4 (78... Nd7 $1 $11) 79. Kf3 $16 Nd2+ 80. Kg2 Ne4 81. Bd5 Nd6 82. Kf3 Kf6 83. Ke2 Nb5 84. Kd3 Nd6 85. Bc6 Nf7 86. Kd4 Nh6 87. Bf3 Nf7 88. Kc5 Nh6 89. Kd5 Nf7 90. e4 fxe4 91. Bxe4 (91. Kxe4 $14 Nd6+ 92. Ke3) 91... Nh6 $11 92. Kd6 Ng4 93. Kd5 Ne3+ 94. Kd4 Nf1 95. Bd3 Nxg3 96. Ke3 Nf5+ 97. Bxf5 Kxf5 98. Kf3 Kf6 99. Ke4 Ke6 100. Ke3 Kf5 101. Kf3 Kf6 102. Ke4 1/2-1/2

[Event "European Women Blitz-ch 2024"]
[Site "Monaco"]
[Date "2025.01.10"]
[Round "2.4"]
[White "Savina, Anastasia"]
[Black "Arabidze, Meri"]
[Result "0-1"]
[Annotator "TA"]
[ECO "D25"]
[WhiteElo "2318"]
[BlackElo "2457"]
[PlyCount "123"]
[EventDate "2025.01.06"]
[EventType "swiss"]
[EventCountry "MNC"]
[SourceTitle "playchess.com"]
[Source "ChessBase"]
[SourceQuality "1"]
[TimeControl "180+2"]

1. d4 d5 2. c4 dxc4 3. e3 Be6 4. Nf3 Nf6 5. Ng5 Bg4 6. Qa4+ Nbd7 7. Bxc4 e6 8. Nc3 h6 9. Nf3 a6 10. Qc2 Bxf3 11. gxf3 c5 12. d5 Ne5 13. Be2 Nxd5 14. Bd2 Nb4 15. Qe4 Ned3+ 16. Bxd3 Qxd3 17. O-O-O Qxe4 18. Nxe4 Nxa2+ 19. Kb1 Nb4 20. Bxb4 cxb4 21. Rd4 Be7 22. Rhd1 f5 23. Nd2 Rd8 24. Nc4 Rxd4 25. Rxd4 Bc5 26. Rd3 Ke7 27. Na5 b6 28. Nc6+ Kf6 29. f4 g5 30. Ne5 Rh7 31. Nd7+ Kg6 32. Ne5+ Kh5 33. fxg5 hxg5 34. Rd8 Kh4 35. Rg8 g4 36. Ng6+ $2 (36. Rg6) 36... Kh3 $19 37. Nf4+ Kxh2 38. Nxe6 Kg2 39. Rg5 Rf7 40. e4 fxe4 (40... Be7 $142 41. Rg6 fxe4 (41... Kxf2 $2 42. exf5 g3 43. Nf4 $19) 42. Rxg4+ Kf3 (42... Kxf2 43. Rxe4 a5 44. b3 $17)) 41. Rxg4+ $19 Kf3 (41... Kxf2 42. Nxc5 bxc5 43. Rxe4 $17) 42. Rg8 $2 (42. Rxe4 Kxe4 43. Ng5+ Kf5 44. Nxf7) 42... Kxf2 $19 (42... Bxf2 43. Ng5+ Ke2 44. Nxf7 $18) 43. Ng5 Rf4 44. Nh3+ Kf3 45. Nxf4 Kxf4 46. Kc2 Kf3 47. Re8 a5 48. b3 Bd4 $2 (48... b5 $19 {( -> ...Bd6)} 49. Re5 Bd6) 49. Re6 $2 (49. Rf8+ $15 Ke3 50. Rf5) 49... Bc5 (49... Bc3 $142 50. Re7 b5 51. Rf7+ Ke2 52. Ra7 e3 53. Rh7 Be1 54. Ra7 Bg3 55. Rxa5 Kf3 56. Kd3 e2 57. Ra1 e1=Q (57... e1=B 58. Ra5 $15) (57... e1=R $2 58. Ra8 $19) 58. Rxe1 Bxe1 59. Kd4 Ke2 60. Ke4 Kd2 61. Kf3 Kc2 (61... Kd3 62. Kf4 Kc2 63. Ke4 Kxb3 64. Kd4 Ka4 65. Ke3 b3 66. Ke2 b2 67. Kxe1 b1=Q+ 68. Ke2 Qe4+ 69. Kf2 Qf4+ 70. Kg1 b4 71. Kg2 b3 72. Kh1 b2 73. Kg2 b1=Q 74. Kh3 Qh1#) 62. Ke4 Kxb3 63. Kd4 Ka3 64. Ke3 b3 65. Ke2 b2 66. Kxe1 b1=Q+ (66... b1=R+ 67. Ke2 Rb3 68. Kf2 b4 69. Kg2 Rc3 70. Kf2 b3 71. Ke2 b2 72. Kd2 Kb4 73. Kd1 b1=Q+ 74. Ke2 Qb2+ 75. Kf1 Rc1#) 67. Kf2 Qd3 68. Kg2 b4 69. Kh2 b3 70. Kg2 b2 71. Kh2 b1=Q (71... b1=R $2 72. Kg2 Rb2+ 73. Kh1 Qf1#) 72. Kg2 Qbf1+ 73. Kh2 Qdh3#) 50. Re8 $1 $19 Ke3 $2 ({Better is} 50... Bf2 $19 51. Re6 b5) 51. Re6 $2 (51. Rh8 $15) 51... Kd4 $2 (51... a4 $19 {is more deadly. ( -> ...a3)} 52. bxa4 Kd4) 52. Re8 $17 b5 (52... e3 $17 {[%cal Oa5a4] And now ...a4! would win.} 53. Rh8 Be7 (53... e2 54. Re8 $14)) 53. Rb8 $2 (53. Rd8+ $11 Ke5 54. Ra8) 53... a4 54. Rxb5 a3 55. Ra5 e3 56. Kd1 Bd6 57. Ra6 Bc5 $2 (57... Kc3 {mates} 58. Ke2 Bf4 59. Kf3 Kxb3 60. Kxf4 e2 61. Re6 a2 62. Rxe2 a1=Q (62... a1=B 63. Re4 $11) 63. Re4 Qh1 64. Rd4 Kc3 65. Re4 Qh6+ 66. Kg4 Qg6+ 67. Kf4 Qxe4+ 68. Kxe4 b3 69. Kf5 b2 70. Kg6 b1=Q+ (70... b1=B+ 71. Kh6 $11) 71. Kg5 Qf1 72. Kg6 Kd4 73. Kg7 Qf5 74. Kg8 Qd7 75. Kf8 Ke5 76. Kg8 Kf6 77. Kh8 Qg7#) 58. Ke2 $2 (58. Ra5 $11 Kc3 59. Rxc5+ Kxb3 60. Re5) 58... Kc3 59. Rc6 a2 60. Rxc5+ Kb2 61. Ra5 a1=Q (61... a1=B $2 {is the wrong capture.} 62. Kxe3 Kb1 63. Kd3 $18) 62. Rxa1 0-1